 Dungeon Crawl Stone Soup version 0.23-a0-494-g91793a9 (webtiles) character file.

638 Leeroy the Charmwright (level 7, -4/56 HPs)
             Began as a Gnoll Skald on Dec 3, 2018.
             Killed by nerve-wracking pain
             ... invoked by a shadow imp
              (14 damage)
             ... on level 5 of the Dungeon.
             The game lasted 00:18:22 (3603 turns).

Leeroy the Charmwright (Gnoll Skald)                Turns: 3603, Time: 00:18:23

Health: -4/56      AC:  6    Str: 14    XL:     7   Next: 50%
Magic:  15/15      EV: 15    Int: 16    God:
Gold:   255        SH:  0    Dex: 15    Spells: 0/17 levels left

rFire    + . .     SeeInvis .   m - +2 short sword (drain)
rCold    . . .     Gourm    .   (no shield)
rNeg     . . .     Faith    .   B - +2 robe {rF+}
rPois    .         Spirit   .   G - +0 helmet
rElec    .         Reflect  .   (no cloak)
rCorr    .         Harm     .   c - +0 pair of gloves
MR       .....                  (no boots)
Stlth    ++........             (no amulet)
HPRegen  0.18/turn              (no ring)
MPRegen  0.14/turn              (no ring)

@: no status effects
A: distributed training, fangs 1, strong nose
a: no special abilities


You were on level 5 of the Dungeon.
You were hungry.

You visited 1 branch of the dungeon, and saw 5 of its levels.

You collected 255 gold pieces.

Inventory:

Hand Weapons
 a - a +0 falchion
 i - a +0 short sword
 m - a +2 short sword of draining (weapon)
 u - a +0 spear
 A - a +0 scythe
 C - a +0 club
 D - a +0 hand axe
 H - a +0 long sword
 J - a +0 long sword
 K - a +0 falchion
Missiles
 g - 39 arrows
 j - 68 stones
 l - 47 bolts
 r - 21 poisoned needles
 y - 6 tomahawks of returning (quivered)
Armour
 b - a +0 leather armour
 c - a +0 pair of gloves (worn)
 h - a +0 ring mail
 p - a +0 ring mail
 B - a +2 robe of fire resistance (worn)
 F - a +0 animal skin
 G - a +0 helmet (worn)
Jewellery
 v - a cursed ring of teleportation {unknown}
Wands
 E - a wand of enslavement (7)
Scrolls
 e - 4 scrolls of remove curse {unknown}
 n - a scroll of noise {unknown}
 o - 4 scrolls of immolation
 q - 2 scrolls of magic mapping {unknown}
 t - 3 scrolls of identify {unknown}
 w - a scroll of random uselessness {unknown}
 z - a scroll of teleportation {unknown}
 I - a scroll of enchant armour {unknown}
 L - a scroll of blinking {unknown}
Potions
 f - a potion of brilliance {unknown}
 k - 2 potions of might
 s - a potion of heal wounds
 x - a potion of curing {unknown}
 M - a potion of agility {unknown}
Comestibles
 d - 8 rations


   Skills:
 + Level 5.2 Fighting
 + Level 2.5 Short Blades
 + Level 5.2 Long Blades
 + Level 2.5 Axes
 + Level 2.5 Maces & Flails
 + Level 2.5 Polearms
 + Level 2.5 Staves
 + Level 2.5 Slings
 + Level 2.5 Bows
 + Level 2.5 Crossbows
 + Level 2.5 Throwing
 + Level 3.6 Armour
 + Level 5.2 Dodging
 + Level 2.5 Stealth
 + Level 2.5 Shields
 + Level 2.5 Unarmed Combat
 + Level 5.6 Spellcasting
 + Level 2.0 Conjurations
 + Level 2.0 Hexes
 + Level 5.8 Charms
 + Level 2.0 Summonings
 + Level 2.0 Necromancy
 + Level 2.0 Translocations
 + Level 2.0 Transmutations
 + Level 2.0 Fire Magic
 + Level 2.0 Ice Magic
 + Level 2.0 Air Magic
 + Level 2.0 Earth Magic
 + Level 2.0 Poison Magic
 + Level 2.7 Invocations
 + Level 2.5 Evocations


You couldn't memorise any spells.
You knew the following spells:

 Your Spells              Type           Power        Failure   Level  Hunger
a - Infusion              Chrm           ###.         1%          1    None
b - Song of Slaying       Chrm           ###.....     1%          2    #......
c - Shroud of Golubria    Chrm/Tloc      ###.......   4%          2    #......
d - Regeneration          Chrm/Necr      ###.......   9%          3    ##.....
e - Spectral Weapon       Hex/Chrm       ###.....     9%          3    ##.....
f - Confuse               Hex            ##......     19%         3    ##.....
g - Gell's Gravitas       Tloc           ##........   19%         3    ##.....

Your spell library contained the following spells:

 Spells                   Type           Power        Failure   Level  Hunger
 Confusing Touch          Hex            ##....       6%          1    None
 Petrify                  Tmut/Erth      ##......     52%         4    ####...
 Metabolic Englaciation   Hex/Ice        ##........   86%         5    ######.
 Yara's Violent Unravell  Hex/Tmut       ##........   86%         5    ######.


Dungeon Overview and Level Annotations

Branches:
Dungeon (5/15)
 Temple: D:4-7

Altars:
Gozag
Nemelex Xobeh
Ru
Vehumet
The Shining One

Annotations:
D:5 clean's ghost, novice MiBe


Innate Abilities, Weirdness & Mutations

Your experience applies equally to all skills.
You have very sharp teeth.
Your uncanny sense of smell can sniff out nearby items.


Message History

The creatures around you are filled with an inner flame!
It was a scroll of immolation.
Clean's ghost turns its malevolent gaze towards you.
The hound zombie closely misses you. The gnoll misses you.
The shadow imp barely misses you. The shadow imp hits you.
* * * LOW HITPOINT WARNING * * *
The howler monkey skeleton misses you. The gnoll hits you but does no damage.
The hound zombie misses you.
Okay, then.
As you read the scroll labeled GUMY WIACOEZ, it crumbles to dust.
You assume a fearsome visage.
The howler monkey skeleton is unaffected.
Clean's ghost is unaffected.
The hound zombie is unaffected.
The gnoll looks frightened! x4; The ogre looks frightened!
The phantom is unaffected.
The shadow imp is unaffected. x3
It was a scroll of fear.
The shadow imp hits you.
* * * LOW HITPOINT WARNING * * *
The shadow imp gestures at you. Pain shoots through your body!
You die...

##.........$.....
#....(.........$ #
#..............
≈###.......5....#
................#### # #
≈..............#.#.#.#.#
....####......g#.#.....#
≈...# #......g..Z..W.##
P...# #.....O.5@Z...[.#
♣#### #......g5W'...$##
#.........#.....#
####...g..#.#.#.#
#......### # #
.......... ∆
............
............


You could see a phantom (inner flame), an ogre (inner flame), clean's ghost
(inner flame), 4 gnolls, 3 shadow imps, a hound zombie (inner flame) and a
howler monkey skeleton (inner flame).

Vanquished Creatures
  Sigmund (D:3)
  Eustachio (D:4)
  An ice beast (D:4)
  A hound (D:2)
  Robin (D:3)
  4 gnolls
  6 adders
  3 oozes
  A worm (D:4)
  A dart slug (D:1)
  A leopard gecko (D:3)
  An orc (D:4)
  3 ball pythons
  4 giant cockroaches
  10 goblins
  13 hobgoblins
  14 jackals
  A quokka (D:2)
  6 bats
  4 frilled lizards
  4 kobolds
  A leopard gecko skeleton (D:4)
  12 rats
  A plant (D:5)
95 creatures vanquished.

Notes
Turn   | Place    | Note
-------+----------+-------------------------------------------
     0 | D:1      | Leeroy the Gnoll Skald began the quest for the Orb.
     0 | D:1      | Reached XP level 1. HP: 20/20 MP: 6/6
    97 | D:1      | Reached XP level 2. HP: 26/26 MP: 7/7
   297 | D:1      | Learned a level 2 spell: Song of Slaying
   300 | D:1      | Learned a level 2 spell: Shroud of Golubria
   321 | D:1      | Reached XP level 3. HP: 31/31 MP: 9/9
   576 | D:1      | Reached skill level 5 in Spellcasting
  1143 | D:2      | Reached skill level 1 in Short Blades
  1143 | D:2      | Reached skill level 1 in Axes
  1143 | D:2      | Reached skill level 1 in Maces & Flails
  1143 | D:2      | Reached skill level 1 in Polearms
  1143 | D:2      | Reached skill level 1 in Staves
  1143 | D:2      | Reached skill level 1 in Slings
  1143 | D:2      | Reached skill level 1 in Bows
  1143 | D:2      | Reached skill level 1 in Crossbows
  1143 | D:2      | Reached skill level 1 in Throwing
  1143 | D:2      | Reached skill level 1 in Stealth
  1143 | D:2      | Reached skill level 1 in Shields
  1143 | D:2      | Reached skill level 1 in Unarmed Combat
  1143 | D:2      | Reached skill level 1 in Invocations
  1143 | D:2      | Reached skill level 1 in Evocations
  1143 | D:2      | Reached XP level 4. HP: 32/38 MP: 11/11
  1513 | D:3      | Reached skill level 1 in Conjurations
  1513 | D:3      | Reached skill level 1 in Hexes
  1513 | D:3      | Reached skill level 1 in Summonings
  1513 | D:3      | Reached skill level 1 in Necromancy
  1513 | D:3      | Reached skill level 1 in Translocations
  1513 | D:3      | Reached skill level 1 in Transmutations
  1513 | D:3      | Reached skill level 1 in Fire Magic
  1513 | D:3      | Reached skill level 1 in Ice Magic
  1513 | D:3      | Reached skill level 1 in Air Magic
  1513 | D:3      | Reached skill level 1 in Earth Magic
  1513 | D:3      | Reached skill level 1 in Poison Magic
  1518 | D:3      | Learned a level 3 spell: Regeneration
  1522 | D:3      | Learned a level 3 spell: Spectral Weapon
  1710 | D:2      | Reached XP level 5. HP: 22/43 MP: 12/12
  1819 | D:2      | Found a sacrificial altar of Ru.
  2028 | D:3      | Found a glowing golden altar of the Shining One.
  2074 | D:3      | Noticed Sigmund
  2169 | D:3      | Killed Sigmund
  2169 | D:3      | Reached XP level 6. HP: 29/50 MP: 11/14
  2290 | D:3      | Reached skill level 5 in Fighting
  2290 | D:3      | Reached skill level 5 in Long Blades
  2290 | D:3      | Reached skill level 5 in Dodging
  2358 | D:3      | Found an opulent altar of Gozag.
  2381 | D:3      | Noticed Robin
  2506 | D:3      | Killed Robin
  2714 | D:3      | Found a sparkling altar of Nemelex Xobeh.
  2850 | D:4      | Learned a level 3 spell: Confuse
  3000 | D:4      | Noticed Eustachio
  3007 | D:4      | Noticed an ice beast
  3014 | D:4      | Killed an ice beast
  3014 | D:4      | Reached XP level 7. HP: 35/56 MP: 15/15
  3022 | D:4      | Learned a level 3 spell: Gell's Gravitas
  3058 | D:4      | Killed Eustachio
  3445 | D:5      | Entered Level 5 of the Dungeon
  3558 | D:5      | Found a radiant altar of Vehumet.
  3593 | D:5      | Found a runed gate.
  3593 | D:5      | Found a runed gate.
  3593 | D:5      | Found a runed gate.
  3601 | D:5      | Noticed clean's ghost (novice MiBe)
  3603 | D:5      | Killed from afar by a shadow imp

Vault maps used:
D:1:      matt_arrival_diagonals
D:2:      marbit_many_paths
D:3:      tso_oasis_becter, nicolae_overflow_crystal_walls,
          lemuel_crystal_altar, uniq_robin, uniq_sigmund
D:4:      first_ration, uniq_eustachio
D:5:      old_standard_altar, portal_sewer_entry_c, gammafunk_ghost_necromancy,
          serial_bayou, serial_bayou_pond_c, serial_bayou_shore_b,
          serial_bayou_lagoon_a, serial_bayou_pond_e

Skill      XL: |  1  2  3  4  5  6  7 |
---------------+----------------------+-----
Spellcasting   | 5 |  5.6
Short Blades   | 1 2 |  2.5
Axes           | 1 2 |  2.5
Maces & Flails | 1 2 |  2.5
Polearms       | 1 2 |  2.5
Staves         | 1 2 |  2.5
Slings         | 1 2 |  2.5
Bows           | 1 2 |  2.5
Crossbows      | 1 2 |  2.5
Throwing       | 1 2 |  2.5
Stealth        | 1 2 |  2.5
Shields        | 1 2 |  2.5
Unarmed Combat | 1 2 |  2.5
Invocations    | 1 2 |  2.7
Evocations     | 1 2 |  2.5
Conjurations   | 1 2 |  2.0
Hexes          | 1 2 |  2.0
Summonings     | 1 2 |  2.0
Necromancy     | 1 2 |  2.0
Translocations | 1 2 |  2.0
Transmutations | 1 2 |  2.0
Fire Magic     | 1 2 |  2.0
Ice Magic      | 1 2 |  2.0
Air Magic      | 1 2 |  2.0
Earth Magic    | 1 2 |  2.0
Poison Magic   | 1 2 |  2.0
Armour         | 3 |  3.6
Fighting       | 5 |  5.2
Long Blades    | 5 |  5.2
Dodging        | 5 |  5.2
Charms         | |  5.8

Action                   |  1- 3 |  4- 6 |  7- 9 || total
-------------------------+-------+-------+-------++-------
Melee: Falchion          |    40 |       |       ||    40
       Bite              |     5 |    14 |     6 ||    25
       Short sword       |    36 |   138 |    50 ||   224
       Spear             |       |     5 |       ||     5
       Punch             |       |     1 |     1 ||     2
Throw: Stone             |     1 |     5 |       ||     6
       Tomahawk          |       |     9 |     1 ||    10
 Cast: Infusion          |     1 |       |       ||     1
       Shroud of Golubri |       |     2 |     1 ||     3
       Spectral Weapon   |       |     4 |     1 ||     5
       Confuse           |       |     1 |       ||     1
       Gell's Gravitas   |       |       |     3 ||     3
       Regeneration      |       |       |     1 ||     1
  Use: Potion            |       |     1 |     3 ||     4
       Scroll            |       |       |     2 ||     2
 Stab: Sleeping          |       |     3 |       ||     3
  Eat: Chunk             |     1 |     6 |     2 ||     9
Armor: Leather armour    |    31 |    33 |       ||    64
       Robe              |       |     2 |     8 ||    10
Dodge: Dodged            |   107 |   139 |    45 ||   291
       Rpst.: Falchion   |    15 |       |       ||    15

Table legend:
 A = Non-vault XP
 B = Vault XP
 C = Vault XP percentage of total XP
 D = Non-vault monster count
 E = Vault monster count
 F = Vault count percentage of total count
                 A         B        C        D         E       F
            +---------+---------+-------+---------+---------+-------
      Total |     442 |     470 |  51.5 |      79 |      15 |  16.0
            +---------+---------+-------+---------+---------+-------
        D:1 |      52 |       0 |   0.0 |      26 |       0 |   0.0
        D:2 |     141 |       2 |   1.4 |      24 |       1 |   4.0
        D:3 |      52 |     260 |  83.3 |      14 |      13 |  48.1
        D:4 |     197 |     208 |  51.4 |      15 |       1 |   6.2
            +---------+---------+-------+---------+---------+-------
